 Dungeon Crawl Stone Soup version 0.27-a0-1545-g3eddc1d3d3 (webtiles) character file.

Game seed: 7342699440030721179

8 Morbidden the Skirmisher (level 2, 23/24 HPs)
             Began as a Demonspawn Fighter on July 13, 2021.
             Quit the game on level 1 of the Dungeon.
             The game lasted 00:00:12 (319 turns).

Morbidden the Skirmisher (Demonspawn Fighter)        Turns: 319, Time: 00:00:12

Health: 23/24      AC:  6    Str: 16    XL:     2   Next: 0%
Magic:  2/2        EV:  6    Int:  9    God:
Gold:   0          SH:  8    Dex: 12    Spells: 1/1 levels left

rFire    . . .     SeeInvis .   a - +0 long sword
rCold    . . .     Faith    .   c - +0 kite shield
rNeg     . . .     Spirit   .   b - +0 scale mail
rPois    .         Reflect  .   (helmet restricted)
rElec    .         Harm     .   (no cloak)
rCorr    .         Rampage  .   (no gloves)
Will     .....                  (no boots)
Stlth    ..........             (no amulet)
HPRegen  0.08/turn              (no ring)
MPRegen  0.08/turn              (no ring)

@: no status effects
A: antennae 1
a: no special abilities


You were on level 1 of the Dungeon.
You visited 1 branch of the dungeon, and saw 1 of its levels.

Inventory:

Hand Weapons
 a - a +0 long sword (weapon)
Armour
 b - a +0 scale mail (worn)
 c - a +0 kite shield (worn)
Scrolls
 e - a scroll of noise {unknown}
Potions
 d - a potion of might


   Skills:
 + Level 3.1 Fighting
 + Level 1.9 Long Blades
 + Level 2.8 Armour
 + Level 2.9 Shields


You had one spell level left.
You didn't know any spells.
Your spell library was empty.

Dungeon Overview and Level Annotations

Branches:
Dungeon (1/15)

Altars:


Innate Abilities, Weirdness & Mutations

You have a pair of small antennae on your head.


Message History

A hobgoblin comes into view.
The hobgoblin shouts!
A bat comes into view.
There are monsters nearby!
A giant cockroach comes into view.
You block the hobgoblin's attack.
There are monsters nearby!
You closely miss the hobgoblin. The hobgoblin barely misses you.
You barely miss the hobgoblin.
The hobgoblin hits you but does no damage. x2
There are monsters nearby!
You hit the hobgoblin but do no damage. You block the hobgoblin's attack.
The hobgoblin hits you.
You barely miss the hobgoblin. The hobgoblin closely misses you.
You riposte.
You hit the hobgoblin.
You kill the hobgoblin!
You barely miss the bat. The bat hits you but does no damage.
You block the bat's attack. x2
You closely miss the bat. The bat barely misses you.
The bat hits you but does no damage.
You barely miss the giant cockroach. The bat hits you but does no damage.
You block the giant cockroach's attack.
The giant cockroach bites you but does no damage.
You barely miss the giant cockroach. You block the bat's attack.
The giant cockroach bites you but does no damage.
The giant cockroach barely misses you.
You barely miss the bat. The bat closely misses you.
The giant cockroach bites you but does no damage. x2
You slash the bat!
You kill the bat!
You block the giant cockroach's attack.
The giant cockroach bites you but does no damage.
You have reached level 2!
Your demonic ancestry asserts itself...
A pair of antennae grows on your head!
You hit the giant cockroach.
The giant cockroach is almost dead.
The giant cockroach bites you but does no damage. x2
Unknown command.
Are you sure you want to abandon this character and quit the game? (Confirm with "yes".)

....# .. ... .#
... .# ... ..#.#
#.#.# #.#B# #.†@#
# .....#..###.#
... ##.....# .
#...#### #..†.##
##..#..# #####
##..###.###...##
.(.......#.....#
..###..##.##..<..#


You could see a giant cockroach.

Vanquished Creatures
  A dart slug (D:1)
  A bat (D:1)
  An endoplasm (D:1)
  A giant cockroach (D:1)
  A hobgoblin (D:1)
5 creatures vanquished.

Notes
Turn   | Place    | Note
-------+----------+-------------------------------------------
     0 | D:1      | Morbidden the Demonspawn Fighter began the quest for the
                  | Orb.
     0 | D:1      | Reached XP level 1. HP: 18/18 MP: 1/1
   318 | D:1      | Gained mutation: You have a pair of small antennae on your
                  | head. [demonic ancestry]
   318 | D:1      | Reached XP level 2. HP: 23/24 MP: 2/2
   319 | D:1      | Quit the game

Illustrated notes

Levels and vault maps discovered:
D:1:      noname_arrival_rooms_in_the_neighbourhood, layout_rooms

Action                   || total
-------------------------++-------
Melee: Long sword        ||    19
Armor: Scale mail        ||    16
Dodge: Dodged            ||     7
Block: Kite shield       ||    11
       Rpst.: Long sword ||     1

Table legend: (Time is in decaauts)
 A = Elapsed time spent in this place.
 B = Non-inter-level travel time spent in this place.
 C = Inter-level travel time spent in this place.
 D = Time resting spent in this place.
 E = Time spent auto-exploring this place.
 F = Levels seen in this place.
 G = Mean time per level.
                   A        B        C        D        E       F      G
               +--------+--------+--------+--------+--------+-----+--------+
         Total |    329 |    329 |      0 |    259 |     21 |   1 |  329.0 |
       Dungeon |    329 |    329 |      0 |    259 |     21 |   1 |  329.0 |
               +--------+--------+--------+--------+--------+-----+--------+

Top non-repeatable levels by time:
     D:1: 329 daAuts
